 Dungeon Crawl Stone Soup version 0.30.1 (webtiles) character file.

Game seed: 1366576718954840085

11135 Pepete the Protected (level 12, 0/70 HPs)
             Began as a Djinni Fire Elementalist on July 11, 2023.
             Was an Initiate of Makhleb.
             Killed from afar by a catoblepas (2 damage)
             ... with a blast of calcifying dust
             ... on level 1 of the Lair of Beasts.
             The game lasted 00:37:14 (19807 turns).

Pepete the Protected (Djinni Fire Elementalist)    Turns: 19807, Time: 00:37:15

Health: 0/70       AC: 18    Str:  7    XL:     12   Next: 4%
Gold:   1152       EV:  5    Int: 24    God:    Makhleb [......] SH:  0 Dex: 15

rFire   + + +        a - +6 trident of Resumed Hostilities {flame, rF+ Int+3}
rCold   . . .        (no shield)
rNeg    + . .        N - +0 ring mail
rPois   ∞            w - +2 helmet
rElec   .            t - +1 cloak
rCorr   .            (no gloves)
SInv    .            (boots unavailable)
Will    ++...        (no amulet)
Stlth   +            z - +4 ring of protection
HPRegen 0.31/turn    u - ring "Vyzxyc" {rC+ rN+ Will+}
MPRegen 0.00/turn

%: infuse magic (-1 HP)
@: petrifying (expiring), flying, invisible, very slow
A: sickness immunity, fire resistance 2, cold vulnerability 1, float, innate
caster, HP casting, extra vitality 1
a: Renounce Religion


You were on level 1 of the Lair of Beasts.
You worshipped Makhleb.
Makhleb was noncommittal.
You visited 3 branches of the dungeon, and saw 13 of its levels.
You also visited: Bailey.

You collected 1152 gold pieces.

Inventory:

Hand Weapons
 a - the +6 trident of Resumed Hostilities (weapon) {flame, rF+ Int+3}
   (You found it on level 8 of the Dungeon)

   Int:       It affects your intelligence (+3).
   rF:        It protects you from fire.
Missiles
 d - 29 poisoned darts
 i - a throwing net
Armour
 t - a +1 cloak (worn)
 v - a +0 helmet
 w - a +2 helmet (worn)
 N - a +0 ring mail (worn)
Magical Staves
 m - a staff of fire
Jewellery
 c - a ring of see invisible
 o - a +5 ring of evasion
 s - a +5 ring of evasion
 u - the ring "Vyzxyc" (right hand) {rC+ rN+ Will+}
   (You acquired it on level 4 of the Dungeon)

   [ring of willpower]

   rC:        It protects you from cold.
   rN:        It protects you from negative energy.
   Will:      It increases your willpower.
 z - a +4 ring of protection (left hand)
 J - a ring of fire
Wands
 b - a wand of acid (7)
 C - a wand of flame (49)
 E - a wand of iceblast (8)
Scrolls
 e - a scroll of poison
 h - 4 scrolls of enchant weapon
 A - a scroll of fog
Potions
 x - a potion of berserk rage
 B - 4 potions of might
 I - a potion of brilliance


   Skills:
 * Level 12.8 Armour
 - Level 2.1 Dodging
 - Level 1.5 Stealth
 * Level 10.3 Spellcasting


You knew the following spells:

 Your Spells              Type           Power      Damage    Failure   Level
a - Foxfire               Conj/Fire      100%       2x1d9     1%          1
b - Scorch                Fire           100%       2d9       1%          2
c - Volatile Blastmotes   Fire/Tloc      100%       2d18      1%          3
d - Inner Flame           Hex/Fire       58%        N/A       1%          3
e - Flame Wave            Conj/Fire      58%        2d14      1%          4
f - Apportation           Tloc           100%       N/A       1%          1
g - Static Discharge      Conj/Air       100%       2-7/arc   1%          2
h - Searing Ray           Conj           100%       2d8       1%          2
i - Call Canine Familiar  Summ           58%        N/A       1%          3
j - Cause Fear            Hex            29%        N/A       1%          4
Your spell library was empty.

Dungeon Overview and Level Annotations

Branches:
Dungeon (11/15)            Temple (1/1) D:7            Lair (1/5) D:9
 Bailey (visited)
    Orc: D:9-12

Altars:
Ashenzari
Cheibriados
Dithmenos
Elyvilon
Fedhas
Gozag
Hepliaklqana
Makhleb
Nemelex Xobeh
Okawaru
Qazlal
Ru
Trog
Uskayaw
Wu Jian
Xom
Yredelemnul
Zin
The Shining One

Annotations:
D:8 2 transporters, exclusion: orange crystal statue


Innate Abilities, Weirdness & Mutations

You are immune to sickness and miasma.
You are immune to poison.
Your flesh is very heat resistant. (rF++)
You are vulnerable to cold. (rC-)
You float through the air rather than walking.
You learn spells naturally, not from books.
Your magical power is your life essence.
You have superior vitality. (+4 MHP)


Message History

The catoblepas is lightly wounded.
Your wolf is engulfed in calcifying dust.
The catoblepas gores your wolf.
Your wolf is engulfed in calcifying dust.
Casting: Scorch (safe; 1% risk of failure)
Confirm with . or Enter, or press ? or * to list all spells.
Flames lash the catoblepas but do no damage.
Your wolf is engulfed in calcifying dust.
The catoblepas gores your wolf!!
Unknown command.
Casting: Scorch (safe; 1% risk of failure)
Confirm with . or Enter, or press ? or * to list all spells.
Your wolf disappears in a puff of smoke!
Okay, then.
Your wolf bites the catoblepas but does no damage.
The catoblepas attacks as you move away!
The catoblepas gores you but does no damage.
The catoblepas attacks as you move away!
The catoblepas gores you!
* * * LOW HITPOINT WARNING * * *
The catoblepas is no longer more vulnerable to fire.
Your wolf bites the catoblepas.
Your wolf bites the catoblepas.
You fade into invisibility!
The catoblepas gores you!
* * * LOW HITPOINT WARNING * * *
Your wolf bites the catoblepas but does no damage.
Your wolf completely misses the catoblepas.
The catoblepas breathes a plume of calcifying dust at you.
The blast of calcifying dust hits you but does no damage.
Your wolf barely misses the catoblepas.
You are slowing down.
Your wolf bites the catoblepas but does no damage.
Your limbs are stiffening.
Your wolf is engulfed in calcifying dust.
Your wolf is moving more slowly.
Your wolf bites the catoblepas but does no damage.
The catoblepas breathes a plume of calcifying dust at you.
The blast of calcifying dust hits you.
You die...

......+...#...#.. ..
..........#...+.#.....#
..........#...#.#.....##
......#...#...P.#......#
.../......#...P.........
.....Y#....###..#.....
......#.........#....
......†####.+##.#.#
.....>....†..hY§@.#
............§§§§§§#
........##P.####..+
........##### ##....
........# .....
........# .P###
......... ... .........
.... ##P####


You could see a catoblepas (unable to see you, ally target) and a friendly wolf
(summoned, petrifying).

Vanquished Creatures
  Erolcha (D:9)
  Erica (D:8)
  A two-headed ogre (D:8)
  An orc knight (Bailey)
  An ugly thing (D:11)
  An unseen horror (D:10)
  2 cane toads (Lair:1)
  A kobold demonologist (D:10)
  A hornet (D:7)
  2 shadows (D:10)
  7 yaks (D:8)
  A basilisk (Lair:1)
  Edmund (D:4)
  2 water moccasins
  Duvessa (D:5)
  2 orc warriors
  A sky beast (D:7)
  A black bear (D:6)
  4 ice beasts
  3 wolves (D:9)
  5 kobold brigands
  Blork the orc (D:5)
  2 bullfrogs
  3 scorpions (D:5)
  A wight (D:6)
  Dowan (D:5)
  9 killer bees
  An electric eel (D:10)
  A howler monkey (D:10)
  3 jellies
  3 hounds
  A gnoll bouda (D:9)
  Crazy Yiuf (D:3)
  2 sleepcaps
  Terence (D:3)
  An iguana (D:5)
  5 orc wizards
  Robin (D:3)
  21 gnolls
  12 adders
  2 white imps
  3 worms
  3 dart slugs
  26 orcs
  6 endoplasms
  3 giant cockroaches
  17 goblins
  10 hobgoblins
  19 kobolds
  6 quokkas
  10 ball pythons
  4 bats
  3 frilled lizards
  9 rats
231 creatures vanquished.

Vanquished Creatures (collateral kills)
  2 centaur zombies (D:11)
  A rime drake (D:9)
  A polar bear (D:9)
  A troll (D:11)
  2 yaks (D:8)
  A steam dragon (D:10)
  An orc warrior (D:8)
  A kobold brigand (D:10)
  A gnoll sergeant (D:9)
  A killer bee (D:10)
  A howler monkey (D:9)
  An orc priest (D:9)
  A gnoll (D:9)
  6 orcs
  2 kobolds (D:8)
  A foxfire (Lair:1)
24 creatures vanquished.

Vanquished Creatures (others)
  755 foxfires
755 creatures vanquished.

Grand Total: 1010 creatures vanquished

Notes
Turn   | Place    | Note
-------+----------+-------------------------------------------
     0 | D:1      | Pepete the Djinni Fire Elementalist began the quest for the
                  | Orb.
     0 | D:1      | Pepete set off with the following spells memorised:
                  | Foxfire, Scorch, Volatile Blastmotes, Inner Flame, Flame
                  | Wave.
     0 | D:1      | Reached XP level 1. HP: 15/15 MP: 0/0
    94 | D:1      | Reached skill level 1 in Armour
    94 | D:1      | Reached XP level 2. HP: 10/21 MP: 0/0
   606 | D:1      | Reached XP level 3. HP: 24/25 MP: 0/0
   606 | D:1      | Learned a level 1 spell: Apportation
  1170 | D:2      | Reached skill level 2 in Armour
  1295 | D:2      | Reached XP level 4. HP: 24/31 MP: 0/0
  2103 | D:3      | Reached XP level 5. HP: 34/35 MP: 0/0
  2103 | D:3      | Learned a level 2 spell: Static Discharge
  2119 | D:3      | Noticed Robin
  2128 | D:3      | Reached skill level 3 in Armour
  2259 | D:3      | Killed Robin
  2375 | D:3      | Found a faded altar of an unknown god.
  2968 | D:3      | Reached XP level 6. HP: 37/40 MP: 0/0
  3051 | D:3      | Noticed Terence
  3143 | D:3      | Killed Terence
  3483 | D:3      | Found a runed translucent door.
  3484 | D:3      | Noticed Crazy Yiuf
  3943 | D:3      | Killed Crazy Yiuf
  3944 | D:3      | Reached skill level 4 in Armour
  4422 | D:4      | Found a basalt altar of Yredelemnul.
  4583 | D:4      | Found a shadowy altar of Dithmenos.
  4923 | D:4      | Noticed Edmund
  4935 | D:4      | Killed Edmund
  4936 | D:4      | Reached XP level 7. HP: 35/45 MP: 0/0
  4936 | D:4      | Learned a level 2 spell: Searing Ray
  5517 | D:5      | Entered Level 5 of the Dungeon
  5670 | D:5      | Reached skill level 5 in Armour
  5689 | D:5      | Noticed Duvessa
  5689 | D:5      | Noticed Dowan
  5973 | D:4      | Identified a scroll of acquirement
  5973 | D:4      | Acquired the ring "Vyzxyc" {rC+ rN+ Will+}
  6101 | D:5      | Killed Duvessa
  6102 | D:5      | Reached skill level 5 in Spellcasting
  6102 | D:5      | Reached XP level 8. HP: 15/50 MP: 0/0
  6460 | D:5      | Killed Dowan
  6779 | D:5      | Reached skill level 6 in Armour
  6893 | D:5      | Noticed Blork the orc
  6898 | D:5      | Killed Blork the orc
  8182 | D:6      | Found a sparkling altar of Nemelex Xobeh.
  8190 | D:6      | Found a bloodstained altar of Trog.
  8419 | D:7      | Reached skill level 7 in Armour
  8434 | D:7      | Found a flagged portal.
  8468 | Bailey   | Entered a bailey
  8487 | Bailey   | Reached XP level 9. HP: 50/55 MP: 0/0
  8487 | Bailey   | Learned a level 3 spell: Call Canine Familiar
  8776 | Bailey   | Noticed an orc knight
  8798 | Bailey   | Killed an orc knight
  8799 | Bailey   | Reached skill level 8 in Armour
  9330 | D:7      | Noticed a hornet
  9340 | D:7      | Killed a hornet
 10401 | D:7      | Found a staircase to the Ecumenical Temple.
 10452 | D:7      | Found a sacrificial altar of Ru.
 11169 | D:8      | Acquired 538 gold pieces
 11291 | D:8      | Identified the +6 trident of Resumed Hostilities {flame,
                  | rF+ Int+3}
 11339 | D:8      | Noticed a gargoyle
 11341 | D:8      | Noticed a boulder beetle
 11341 | D:8      | Noticed a cyclops
 11341 | D:8      | Noticed an orange crystal statue
 11342 | D:8      | Found a transporter.
 11445 | D:8      | Found a transporter.
 11578 | D:8      | Reached skill level 9 in Armour
 11586 | D:8      | Reached XP level 10. HP: 36/60 MP: 0/0
 12751 | D:8      | Found a white marble altar of Elyvilon.
 12863 | D:8      | Reached skill level 10 in Armour
 12974 | D:9      | Noticed a two-headed ogre
 13286 | D:9      | Noticed Erica
 13776 | D:8      | Killed a two-headed ogre
 14067 | D:9      | Noticed a rime drake
 14071 | D:9      | Killed a rime drake
 14087 | D:9      | Reached skill level 11 in Armour
 14316 | D:9      | Reached XP level 11. HP: 46/65 MP: 0/0
 14316 | D:9      | Learned a level 4 spell: Cause Fear
 14668 | D:9      | Found a staircase to the Lair.
 16163 | D:9      | Noticed Erolcha
 16191 | D:9      | Killed Erolcha
 16537 | D:8      | Killed Erica
 16699 | Temple   | Entered the Ecumenical Temple
 16721 | Temple   | Became a worshipper of Makhleb the Destroyer
 16779 | D:10     | Entered Level 10 of the Dungeon
 16807 | D:10     | Reached skill level 12 in Armour
 17408 | D:10     | Found an opulent altar of Gozag.
 17443 | D:10     | Found a broken altar of Ashenzari.
 17446 | D:10     | Found a stormy altar of Qazlal.
 17446 | D:10     | Found a glowing silver altar of Zin.
 17552 | D:10     | Noticed a sun demon
 18180 | D:10     | Reached skill level 10 in Spellcasting
 18576 | D:11     | Noticed a manticore
 19112 | D:11     | Noticed a cyan ugly thing
 19122 | D:11     | Killed a cyan ugly thing
 19162 | D:11     | Noticed a cyclops
 19538 | Lair:1   | Entered Level 1 of the Lair of Beasts
 19591 | Lair:1   | Reached XP level 12. HP: 44/70 MP: 0/0
 19613 | Lair:1   | Noticed a catoblepas
 19803 | Lair:1   | HP: 1/70 [catoblepas (16)]
 19807 | Lair:1   | Killed from afar by a catoblepas

Illustrated notes

Levels and vault maps discovered:
D:1:      dpeg_arrival_ratfight, layout_loops_ring
D:2:      layout_loops_corners
D:3:      layout_basic, hellmonk_ecumenical_altar_blasted, grunt_ministairs_1,
          uniq_crazy_yiuf_cottage, uniq_robin, uniq_terence
D:4:      layout_cave_pods, mainiacjoe_overflow_surrounded_room,
          nicolae_dithmenos_the_darkroom, uniq_edmund
D:5:      layout_basic, uniq_blork_the_orc, uniq_duvessa, uniq_ijyb
D:6:      layout_basic, mainiacjoe_overflow_large_starburst, enter_ossuary_3,
          st_stairs_4
D:7:      layout_basic, gammafunk_temple_overflow_statue,
          minmay_temple_entry_poolview, enter_bailey_5, grunt_decor_one_mirror
D:8:      gammafunk_sealed_arena, layout_basic, elyvilon_altar_3,
          reono_crystal_passage
D:9:      layout_roguey, hellmonk_lair_entry_icy, uniq_erolcha, uniq_erica
D:10:     layout_basic, nicolae_overflow_hallway_of_the_gods
D:11:     cheibrodos_shockbox, layout_loops_ring, orc_david_3,
          gauntlet_entry_generic, serial_undead, serial_undead_b,
          serial_undead_d, serial_undead_d, serial_undead_c,
          dilly_guarded_unrand_elemental_staff
Temple:   hellmonk_temple_rainy
Lair:1:   layout_chaotic_city, serial_bayou_pond_c

Skill      XL: |  1  2  3  4  5  6  7  8  9 10 11 |
---------------+----------------------------------+-----
Armour         | 1 2 3 4 5 7 9 11 12 | 12.8
Spellcasting   | 3 4 5 6 7 8 10 | 10.3
Dodging        | |  2.1
Stealth        | |  1.5

Action                     |  1- 3 |  4- 6 |  7- 9 | 10-12 || total
---------------------------+-------+-------+-------+-------++-------
  Melee: Trident           |       |       |       |     2 ||     2
   Cast: Foxfire           |    80 |   148 |   153 |    95 ||   476
         Scorch            |     9 |    35 |    65 |    81 ||   190
         Volatile Blastmot |       |     5 |    34 |    50 ||    89
         Call Canine Famil |       |       |     4 |    40 ||    44
  Evoke: Wand              |       |       |       |     2 ||     2
    Use: Scroll            |       |    10 |     5 |    15 ||    30
         Potion            |       |     5 |     4 |    12 ||    21
 Armour: Robe              |     4 |     3 |    14 |       ||    21
         Ring mail         |       |       |     1 |    77 ||    78
  Dodge: Dodged            |     5 |    21 |    79 |    57 ||   162
